 Seeded DCSS version 0.29.1-12-g30fa7ad0bf (webtiles) character file.

Game seed: 1 (custom seed)

7095 Kazon the Carver (level 11, -1/89 HPs)
             Began as a Barachi Berserker on Dec 12, 2022.
             Was a High Priest of Trog.
             Killed from afar by an electric eel (4 damage)
             ... with a bolt of electricity
             ... on level 10 of the Dungeon.
             The game lasted 00:34:14 (6640 turns).

Kazon the Carver (Barachi Berserker)                Turns: 6640, Time: 00:34:14

Health: -1/89      AC: 11    Str: 18    XL:     11   Next: 9%
Magic:  11/11      EV: 29    Int: 11    God:    Trog [*****.]
Gold:   404        SH: 16    Dex: 18    Spells: 10/10 levels left

rFire   . . .      SeeInvis .   s - +3 falchion of Winter {venom, rCorr}
rCold   + . .      Faith    .   c - +5 kite shield of Amorous Awe {rC- Dex+5}
rNeg    + . .      Spirit   .   B - +3 leather armour {rC+}
rPois   .          Reflect  .   j - +0 helmet
rElec   .          Harm     .   (no cloak)
rCorr   +          Rampage  .   (no gloves)
Will    .....                   k - +2 pair of boots
Stlth   +++.......              d - amulet of the acrobat
HPRegen 0.24/turn               r - ring of positive energy
MPRegen 0.12/turn               D - ring of protection from cold

@: acrobatic, slow
A: amphibious, slowness 1, strong legs 1, +LOS
a: Hop, Renounce Religion, Berserk, Trog's Hand, Brothers in Arms


You were on level 10 of the Dungeon.
You worshipped Trog.
Trog was extremely pleased with you.
You visited 1 branch of the dungeon, and saw 10 of its levels.

You collected 630 gold pieces.
You spent 226 gold pieces at shops.

Inventory:

Hand Weapons
 e - a +2 dagger of venom
 s - the +3 falchion of Winter (weapon) {venom, rCorr}
   (You bought it in a shop on level 3 of the Dungeon)

   It poisons the flesh of those it strikes.
   rCorr:     It protects you from acid and corrosion.
 x - a +1 long sword of protection
Missiles
 b - 3 curare-tipped darts
 h - 36 stones
 o - a throwing net
 q - 14 boomerangs (quivered)
 J - 8 poisoned darts
Armour
 c - the +5 kite shield of Amorous Awe (worn) {rC- Dex+5}
   (You acquired it on level 1 of the Dungeon)

   Dex:       It affects your dexterity (+5).
   rC:        It makes you vulnerable to cold.
 j - a +0 helmet (worn)
 k - a +2 pair of boots (worn)
 B - a +3 leather armour of cold resistance (worn)
Jewellery
 d - an amulet of the acrobat (around neck)
 r - a ring of positive energy (left hand)
 D - a ring of protection from cold (right hand)
 Q - a ring of protection from cold
Wands
 z - a wand of mindburst (20)
 A - a wand of flame (11)
 L - a wand of paralysis (16)
 M - a wand of roots (6)
Scrolls
 i - 11 scrolls of identify
 m - 2 scrolls of immolation {unknown}
 p - a scroll of poison {unknown}
 t - 3 scrolls of teleportation
 u - a scroll of magic mapping {unknown}
 w - 2 scrolls of noise {unknown}
 y - 3 scrolls of fog {unknown}
 E - 2 scrolls of enchant weapon {unknown}
 K - 3 scrolls of fear
 N - a scroll of amnesia {unknown}
 O - a scroll of summoning {unknown}
Potions
 a - 2 potions of ambrosia {unknown}
 f - 3 potions of flight
 g - 4 potions of attraction {unknown}
 l - 4 potions of berserk rage {unknown}
 n - 2 potions of haste {unknown}
 v - 5 potions of lignification {unknown}
 C - 2 potions of cancellation {unknown}
 F - a potion of magic
 G - a potion of degeneration {unknown}
 H - a potion of curing
 I - a potion of might
Miscellaneous
 P - a condenser vane


   Skills:
 * Level 9.5 Fighting
 + Level 4.3(7.3) Short Blades
 + Level 10.0(10.5) Long Blades
 + Level 4.8 Throwing
 + Level 5.8 Armour
 + Level 6.4 Dodging
 + Level 5.1 Stealth
 + Level 8.2 Shields
 * Level 5.0 Evocations


You had 10 spell levels left.
You didn't know any spells.
Your spell library was empty.

Dungeon Overview and Level Annotations

Branches:
Dungeon (10/15)            Temple (0/1) D:7
   Lair: D:8-11         Orc: D:9-12

Altars:
Elyvilon
Hepliaklqana
Uskayaw

Shops:
D:3 (   D:8 ?(==


Innate Abilities, Weirdness & Mutations

You are amphibious.
You cover ground slowly.
You can hop short distances.
You have an extended range of vision and can be seen from far away.


Message History

Something draws strength from your injuries!
You bump into the rock wall.
Something hits you but does no damage. Something bites you.
Something draws strength from your injuries!
Unknown command.
You bump into the rock wall.
Something hits you!
* * * LOW HITPOINT WARNING * * *
Something bites you.
* * * LOW HITPOINT WARNING * * *
You feel better. Something hits you!
* * * LOW HITPOINT WARNING * * *
Something bites you.
* * * LOW HITPOINT WARNING * * *
Something draws strength from your injuries!
Your deep troll goes berserk!
Something hits you.
* * * LOW HITPOINT WARNING * * *
Something bites you.
* * * LOW HITPOINT WARNING * * *
You miss something. Something hits you but does no damage.
Something bites you but does no damage.
Your deep troll bites something!!!
Trog accepts your kill.
Trog appreciates your killing of a magic user.
Reactivating autopickup.
You feel a bit more experienced.
Your life force feels restored.
Your deep troll rages.
Your deep troll rages.
An electric eel comes into view.
The electric eel shoots out a bolt of lightning at you!
The bolt of electricity hits you!
* * * LOW HITPOINT WARNING * * *
The bolt of electricity hits your deep troll!
You swap places.
You hear a bark!
Your deep troll rages.
The electric eel shoots out a bolt of lightning at you!
The bolt of electricity hits your deep troll!
The bolt of electricity hits you.
You die...

≈≈≈ ~≈≈ ~S~~~ #T#.#
####### #.+.# #.....#
#.#.# #..#..# #.#.#
#.....# #.#.# #.....#
#@#.# #.....# #...#
#..#..# #...# #..#..#
#.#.+ #.....# #...#
#.....#### #...#
#.........
#...#####.........
.......#............<#.
....#.....###..........


You could see an electric eel (ally target) and a friendly deep troll (summoned,
berserk).

Vanquished Creatures
  A two-headed ogre (D:9)
  Maggie (D:6)
  Prince Ribbit (D:9)
  A shadow (D:9)
  A yak (D:6)
  2 wyverns
  Eustachio (D:5)
  2 steam dragons
  Menkaure (D:5)
  Edmund (D:6)
  4 water moccasins
  4 orc warriors
  An ice beast (D:8)
  5 sky beasts
  2 black bears (D:6)
  4 centaurs
  An ogre (D:6)
  2 phantoms (D:6)
  2 kobold brigands
  3 necrophages
  A bullfrog (D:7)
  A gnoll sergeant (D:7)
  4 scorpions
  14 wights
  A howler monkey (D:5)
  2 jellies (D:6)
  A hound (D:4)
  7 orc priests
  A gnoll bouda (D:7)
  6 iguanas
  2 orc wizards (D:9)
  Robin (D:3)
  15 gnolls
  13 adders
  3 shadow imps
  2 white imps (D:7)
  An ufetubus (D:5)
  3 worms
  34 orcs
  11 endoplasms
  A giant cockroach (D:1)
  16 goblins
  9 hobgoblins
  A jackal (D:4)
  17 kobolds
  A quokka (D:1)
  5 ball pythons
  4 bats
  3 frilled lizards
  6 rats
226 creatures vanquished.

Vanquished Creatures (collateral kills)
  A vampire (D:10)
1 creature vanquished.

Vanquished Creatures (others)
  A quokka (D:7)
1 creature vanquished.

Grand Total: 228 creatures vanquished

Notes
Turn   | Place    | Note
-------+----------+-------------------------------------------
     0 | D:1      | Kazon the Barachi Berserker began the quest for the Orb.
     0 | D:1      | Reached XP level 1. HP: 18/18 MP: 1/1
    33 | D:1      | Identified a scroll of acquirement
    33 | D:1      | Acquired the +5 kite shield of Amorous Awe {rC- Dex+5}
   117 | D:1      | Reached skill level 4 in Long Blades
   125 | D:1      | Reached XP level 2. HP: 16/25 MP: 2/2
   672 | D:2      | Reached XP level 3. HP: 24/30 MP: 3/3
   706 | D:2      | You fall into a shaft and drop 1 floor!
   981 | D:2      | Reached ** piety under Trog
  1009 | D:2      | Reached skill level 1 in Shields
  1230 | D:2      | Reached XP level 4. HP: 27/37 MP: 4/4
  1257 | D:2      | Reached skill level 1 in Throwing
  1396 | D:3      | Found Umat's Antique Weapon Boutique.
  1427 | D:3      | Bought a crude falchion for 184 gold pieces
  1427 | D:3      | Identified the +3 falchion of Winter {venom, rCorr} (You
                  | bought it in a shop on level 3 of the Dungeon)
  1612 | D:3      | Reached skill level 5 in Long Blades
  1612 | D:3      | Reached skill level 1 in Stealth
  1612 | D:3      | Reached XP level 5. HP: 31/42 MP: 5/5
  1679 | D:3      | Noticed Robin
  1701 | D:3      | Killed Robin
  1753 | D:3      | Reached skill level 7 in Long Blades
  1753 | D:3      | Reached skill level 5 in Armour
  1753 | D:3      | Reached skill level 5 in Dodging
  1753 | D:3      | Reached skill level 5 in Shields
  1753 | D:3      | Reached XP level 6. HP: 53/53 MP: 6/6
  1886 | D:4      | Reached *** piety under Trog
  2077 | D:4      | Reached XP level 7. HP: 59/59 MP: 7/7
  2355 | D:4      | Found a hazy altar of Hepliaklqana.
  2769 | D:5      | Entered Level 5 of the Dungeon
  2806 | D:5      | Noticed Eustachio
  2825 | D:5      | Killed Eustachio
  2826 | D:5      | Reached skill level 8 in Long Blades
  2846 | D:5      | Reached XP level 8. HP: 61/65 MP: 8/8
  2860 | D:5      | Reached skill level 1 in Evocations
  3288 | D:5      | Noticed Menkaure
  3298 | D:5      | Killed Menkaure
  3678 | D:6      | Reached **** piety under Trog
  3694 | D:6      | Reached XP level 9. HP: 57/72 MP: 9/9
  3817 | D:6      | Noticed Maggie
  3828 | D:6      | Killed Maggie
  3937 | D:6      | Noticed Edmund
  3952 | D:6      | Killed Edmund
  4063 | D:6      | Reached skill level 9 in Long Blades
  4065 | D:6      | Reached skill level 5 in Stealth
  4137 | D:6      | Reached XP level 10. HP: 43/80 MP: 10/10
  4700 | D:7      | Found a white marble altar of Elyvilon.
  4731 | D:7      | Reached ***** piety under Trog
  4955 | D:7      | Found a hide-covered altar of Uskayaw.
  4997 | D:7      | Found a staircase to the Ecumenical Temple.
  5172 | D:8      | Found Quzidd's Magic Scroll Emporium.
  5191 | D:8      | Bought a scroll of teleportation for 42 gold pieces
  5275 | D:8      | Found Esumer's Weapon Shop.
  5686 | D:8      | Found Heidghoki's Jewellery Shop.
  5828 | D:8      | Found Zoxtaeshakh's Jewellery Boutique.
  5934 | D:9      | Noticed Prince Ribbit
  5952 | D:9      | Killed Prince Ribbit
  6355 | D:9      | Noticed a two-headed ogre
  6369 | D:9      | Killed a two-headed ogre
  6370 | D:9      | Reached skill level 10 in Long Blades
  6370 | D:9      | Reached skill level 5 in Evocations
  6370 | D:9      | Reached XP level 11. HP: 89/89 MP: 11/11
  6575 | D:10     | Entered Level 10 of the Dungeon
  6638 | D:10     | HP: 2/89 [electric eel/bolt of electricity (11)]
  6640 | D:10     | Killed from afar by an electric eel

Illustrated notes

Levels and vault maps discovered:
D:1:      dpeg_arrival_three_smaller_balls, layout_basic
D:2:      layout_loops_ring
D:3:      layout_basic, serial_shops, nicolae_shop_stone, st_stairs_9,
          minmay_misc_feat_doors, eino_curves_03, uniq_robin
D:4:      minmay_wonky_spiral, layout_basic,
          mainiacjoe_overflow_surrounded_room, minivault_5
D:5:      layout_cave_pods, uniq_menkaure, uniq_eustachio
D:6:      cheibrodos_barr_body, layout_basic, minmay_crystal_room,
          minmay_pentangle, uniq_maggie, uniq_edmund
D:7:      layout_cave_pools, nicolae_uskayaw_murder_on_the_dancefloor,
          elyvilon_altar_4, minmay_temple_entry_purple_smoke
D:8:      layout_basic, serial_shops, shop_statue, kennysheep_little_box, shop,
          nicolae_shop_window_shopping
D:9:      layout_cave_pools, uniq_prince_ribbit1
D:10:     layout_stronghold, erik_lair_island, serial_shops,
          nicolae_shop_statue_plus, uniq_erolcha

Skill      XL: |  1  2  3  4  5  6  7  8  9 10 |
---------------+-------------------------------+-----
Long Blades    | 4 5 7 8 9 10 | 10.0
Fighting       | 4 6 7 8 9 |  9.5
Shields        | 1 5 6 8 |  8.2
Throwing       | 1 4 |  4.8
Stealth        | 1 4 5 |  5.1
Dodging        | 5 6 |  6.4
Short Blades   | 4 |  4.3
Armour         | 5 |  5.8
Evocations     | 2 3 5 |  5.0

Action                   |  1- 3 |  4- 6 |  7- 9 | 10-12 || total
-------------------------+-------+-------+-------+-------++-------
Melee: Falchion          |    93 |    65 |   209 |   342 ||   709
       Dagger            |    13 |    25 |    28 |     3 ||    69
Throw: Stone             |       |    20 |    39 |    20 ||    79
       Boomerang         |       |       |     3 |    16 ||    19
       Dart              |       |       |     1 |       ||     1
Invok: Berserk           |       |       |     3 |     3 ||     6
       Trog's Hand       |       |       |     1 |       ||     1
       Brothers in Arms  |       |       |       |     1 ||     1
  Use: Scroll            |     1 |       |     2 |     2 ||     5
       Potion            |       |     1 |     2 |     1 ||     4
 Stab: Sleeping          |     1 |     5 |     9 |     4 ||    19
Armor: Animal skin       |    24 |    11 |     9 |       ||    44
       Leather armour    |       |       |    33 |    63 ||    96
Dodge: Dodged            |    44 |    26 |    85 |   124 ||   279
Block: Kite shield       |    54 |    64 |   139 |   290 ||   547
